 Dungeon Crawl Stone Soup version 0.19-a0-1007-g133f65f (webtiles) character file.

29505 Implojin the Grappler (level 13, 0/140 HPs)
             Began as a Troll Fighter on July 20, 2016.
             Was a High Priest of Okawaru.
             Killed by Olgreb's Toxic Radiance
             ... invoked by a naga ritualist
              (3 damage)
             ... on level 4 of the Snake Pit.
             The game lasted 00:34:14 (4629 turns).

Implojin the Grappler (Troll Fighter)               Turns: 4629, Time: 00:34:15

Health: 0/140      AC:  5    Str: 36    XL:     13   Next: 15%
Magic:  10/16      EV: 21    Int:  4    God:    Okawaru [*****.]
Gold:   212        SH: 26    Dex: 13    Spells: 0 memorised, 12 levels left

rFire  + . .     SeeInvis .       - Unarmed
rCold  + . .     Gourm    +     P - +0 robe of Noxka {rPois}
rNeg   . . .     Faith    .     j - +4 large shield of the Eternal Fruit {-Tele rC++ Regen+ rCorr}
rPois  .         Spirit   .     (helmet restricted)
rElec  .         Dismiss  .     (no cloak)
rCorr  +         Reflect  .     (gloves unavailable)
SustAt .         Harm     .     (boots unavailable)
MR     .....     NoTele   +     (no amulet)
Stlth  ++........               G - ring "Pomue" {Fire +Blink Str+4}
                                I - ring of Shaolin {EV+8, nice}

@: mighty, lethally poisoned (0 -> 0), heroism, finesse, poison vulnerable, not
resistant to hostile enchantments, unstealthy
A: unfitting armour, claws 3, fast metabolism 3, gourmand, regeneration 2,
shaggy fur 1, tough skin 2
a: Heroism, Finesse, Renounce Religion, Evoke Blink


You were on level 4 of the Snake Pit.
You worshipped Okawaru.
Okawaru was extremely pleased with you.
You were very full.

You visited 4 branches of the dungeon, and saw 23 of its levels.
You also visited: Sewer.

You collected 267 gold pieces.
You spent 55 gold pieces at shops.

Inventory:

Hand Weapons
 c - a +0 flail
 s - a +2 dagger of distortion
 t - a +0 blowgun
 v - a +0 morningstar
 Q - a +0 morningstar of protection
 T - a +2 war axe of electrocution
Missiles
 f - 6 tomahawks (quivered)
 i - 3 tomahawks of dispersal
 z - 18 poisoned needles
 A - 7 curare-tipped needles
 E - 5 large rocks
 M - 3 silver javelins
Armour
 j - the +4 large shield of the Eternal Fruit (worn) {-Tele rC++ Regen+ rCorr}
   (You found it on level 4 of the Dungeon)

   It greatly protects you from cold.
   It prevents most forms of teleportation.
   It increases your rate of regeneration.
   It protects you from acid and corrosion.
 o - a +1 robe of cold resistance
 N - a +0 shield of fire resistance
 P - the +0 robe of Noxka (worn) {rPois}
   (Okawaru gifted it to you on level 4 of the Snake Pit)

   It protects you from poison.
Magical Staves
 w - an uncursed staff of cold
Jewellery
 p - an uncursed ring of flight
 r - an uncursed ring of see invisible
 G - the ring "Pomue" (right claw) {Fire +Blink Str+4}
   (You found it on level 4 of the Snake Pit)

   [ring of fire]

   It enhances your fire magic, and weakens your ice magic.
   It affects your strength (+4).
   It protects you from fire.
   It makes you vulnerable to cold.
   It lets you blink.
 I - the ring of Shaolin (left claw) {EV+8, nice}
   (You found it on level 3 of the Snake Pit)

   [ring of evasion]

   It affects your evasion (+8).
Wands
 a - a wand of lightning (4/15)
 y - a wand of digging (16/24)
 H - a wand of digging (7/24)
 K - a wand of lightning (8/15)
Scrolls
 h - 6 scrolls of teleportation
 q - a scroll of recharging
 u - 2 scrolls of enchant weapon
 B - a scroll of vulnerability {unknown}
 C - 2 scrolls of remove curse
 R - a scroll of summoning {unknown}
 S - a scroll of magic mapping {unknown}
Potions
 b - a potion of magic
 e - a potion of cancellation
 g - a potion of might
 m - 7 potions of curing
 n - a potion of brilliance
 x - a potion of cure mutation
 J - a potion of lignification {unknown}
 O - a potion of invisibility {unknown}
Books
 F - a book of Dreams

   Spells                             Type                      Level
   a - Ensorcelled Hibernation        Hexes/Ice                    2
   b - Silence                        Hexes/Air                    5
   c - Darkness                       Hexes                        6
   d - Shadow Creatures               Summoning                    6
Miscellaneous
 D - a phantom mirror
Comestibles
 d - 6 bread rations
 k - a beef jerky
 l - 3 meat rations
 L - a slice of pizza


   Skills:
 - Level 12.0(17.0) Fighting
 - Level 2.4(7.4) Dodging
 * Level 8.4(13.4) Shields
 - Level 13.0(18.0) Unarmed Combat
 - Level 6.3 Invocations


You had 12 spell levels left.
You didn't know any spells.

Dungeon Overview and Level Annotations

Branches:
Dungeon (15/15)            Temple (1/1) D:7            Lair (3/6) D:10
  Snake (4/4) Lair:2       Vaults (0/5) D:13
  Swamp: Lair:2-4    Shoals: Lair:2-4       Orc: D:9-12      Depths: D:15

Altars:
Ashenzari
Cheibriados
Elyvilon
Fedhas
Hepliaklqana
Kikubaaqudgha
Okawaru
Pakellas
Qazlal
Ru
Trog
Uskayaw
Vehumet
Xom
Yredelemnul
Zin
The Shining One

Shops:
D:6 !   D:10 (

Annotations:
D:12 exclusion: upstairs


Innate Abilities, Weirdness & Mutations

You are too large for most types of armour.
You have claws for hands.
Your metabolism is lightning-fast.
You like to eat raw meat.
You heal very quickly.
You are covered in fur. (AC +1)
You have very tough skin. (AC +2)


Message History

You block the black mamba's attack.
Unknown command.
Unknown command.
You claw the naga sharpshooter!
The naga sharpshooter is lightly wounded.
The naga sharpshooter spits poison at you.
You block the splash of poison.
The naga sharpshooter spits poison at you.
You block the splash of poison.
You eviscerate the naga sharpshooter!!!
The naga sharpshooter is almost dead.
The anaconda barely misses you. You block the anaconda's attack.
You block the naga's attack. The naga completely misses you.
The black mamba completely misses you.
You eviscerate the naga sharpshooter!!!
You kill the naga sharpshooter!
Okawaru accepts your kill. You block the anaconda's attack.
The anaconda completely misses you.
The naga ritualist casts a spell.
The naga ritualist begins to radiate toxic energy.
Unknown command.
Unknown command.
Unknown command.
* * * LOW HITPOINT WARNING * * *
You are poisoned.
The naga sharpshooter shoots an arrow.
You block the arrow.
The black mamba bites you but does no damage.
Items here: ( )) † a shortbow; an uncursed trident; 22 arrows; a naga corpse Unknown command.
Unknown command.
You feel sick.
* * * LOW HITPOINT WARNING * * *
You are more poisoned.
The naga sharpshooter casts a spell.
The naga sharpshooter magically shoots an arrow.
You block the arrow.
You see here 2 arrows.
Unknown command.
You die...

..............#
..............#
..............##
...............### .
.............#########..
..).........##.........
............#.........
...........##.S...#####
######.....@(SS(.......
#.#######NN....... #.
#.N....... #. #.........
#......... #......../
#......... ##........
.......


You could see an anaconda, a naga ritualist, a guardian serpent, a black mamba
and a naga.

Vanquished Creatures
  A greater naga (Snake:4)
  Fannar (Lair:2)
  3 naga warriors
  The ghost of ElderVIII the Destroyer, a novice DrCj of Vehumet (D:10)
  3 naga sharpshooters
  A shock serpent (Snake:1)
  2 necromancers (D:13)
  3 hill giants
  A cyclops (D:13)
  6 ugly things (D:14)
  A salamander (Snake:4)
  A deep elf mage (D:13)
  3 manticores
  4 black mambas
  2 centaur zombies
  3 naga magi
  A gargoyle (D:11)
  A spiny frog (Lair:1)
  4 komodo dragons
  5 kobold demonologists (D:14)
  A tengu conjurer (D:14)
  A troll (D:13)
  2 two-headed ogres
  4 slime creatures (D:13)
  Grinder (D:4)
  A vampire (D:14)
  3 yaks (Lair:1)
  2 wyverns (D:14)
  A basilisk (Lair:2)
  3 hippogriffs
  16 nagas
  3 water moccasins
  3 porcupines
  2 orc warriors
  A black bear (D:11)
  A phantom (D:6)
  A wasp (D:13)
  2 ice beasts
  2 sky beasts
  3 ogres
  A necrophage (D:7)
  3 crocodiles
  4 centaurs
  3 big kobolds
  A gnoll sergeant (D:9)
  9 giant frogs
  A wyvern zombie (D:6)
  3 scorpions
  A howler monkey (D:5)
  3 crimson imps
  A giant frog zombie (D:8)
  2 jellies
  A quasit (D:11)
  4 hounds
  3 centaur skeletons
  4 giant frog skeletons
  4 orc priests
  3 orc wizards
  2 iguanas
  7 worker ants
  Robin (D:4)
  8 gnolls (D:9)
  3 adders
  5 river rats (Sewer)
  2 shadow imps
  An adder skeleton (D:5)
  A worm (D:2)
  3 giant geckos
  13 orcs
  2 ball pythons (Sewer)
  2 bats
  3 giant cockroaches (D:4)
  2 hobgoblins
  19 kobolds
  4 quokkas
  7 giant newts
  8 goblins (D:4)
  A quokka skeleton (D:6)
  5 rats
  A plant (D:10)
251 creatures vanquished.

Vanquished Creatures (others)
  An unseen horror (D:11)
  A hound (D:6)
  A worker ant (D:6)
3 creatures vanquished.

Grand Total: 254 creatures vanquished

Notes
Turn   | Place    | Note
-------+----------+-------------------------------------------
     0 | D:1      | Implojin the Troll Fighter began the quest for the Orb.
     0 | D:1      | Reached XP level 1. HP: 22/22 MP: 0/0
   143 | D:2      | Reached XP level 2. HP: 29/29 MP: 1/1
   208 | D:4      | Noticed Grinder
   212 | D:4      | Reached skill level 3 in Unarmed Combat
   212 | D:4      | Reached XP level 3. HP: 28/36 MP: 2/2
   218 | D:4      | Killed Grinder
   218 | D:4      | Reached skill level 5 in Unarmed Combat
   218 | D:4      | Reached XP level 4. HP: 26/44 MP: 3/3
   218 | D:4      | Reached XP level 5. HP: 29/50 MP: 4/4
   256 | D:4      | Got a spiked large shield
   261 | D:4      | Reached skill level 6 in Unarmed Combat
   270 | D:4      | Noticed Robin
   277 | D:4      | Killed Robin
   291 | D:4      | Reached XP level 6. HP: 49/59 MP: 5/5
   320 | D:5      | Entered Level 5 of the Dungeon
   331 | D:5      | Identified the +4 large shield of the Eternal Fruit {-Tele rC++ Regen+ rCorr} (You found it on level 4 of the Dungeon)
   399 | D:5      | Noticed a water moccasin
   417 | D:5      | Killed a water moccasin
   417 | D:5      | Reached skill level 7 in Unarmed Combat
   464 | D:4      | Found Hufroo's Magic Scroll Emporium.
   464 | D:4      | Found a hazy altar of Hepliaklqana.
   571 | D:5      | Reached XP level 7. HP: 64/66 MP: 6/6
   678 | D:7      | Reached skill level 8 in Unarmed Combat
   792 | D:6      | Found a glowing drain.
   800 | Sewer    | Entered a sewer
  1006 | D:6      | Found Ikhlih Udue's Distillery.
  1015 | D:6      | Bought a potion of heal wounds for 55 gold pieces
  1116 | D:6      | Found a shimmering altar of Xom.
  1130 | D:6      | Reached skill level 9 in Unarmed Combat
  1279 | D:7      | Reached XP level 8. HP: 33/74 MP: 7/7
  1363 | D:7      | Reached skill level 10 in Unarmed Combat
  1582 | D:6      | Reached skill level 11 in Unarmed Combat
  1710 | D:7      | Found a staircase to the Ecumenical Temple.
  1720 | Temple   | Entered the Ecumenical Temple
  1729 | Temple   | Became a worshipper of Warmaster Okawaru
  1747 | D:8      | Found a glowing silver altar of Zin.
  1747 | D:8      | Found a white marble altar of Elyvilon.
  1747 | D:8      | Found a blossoming altar of Fedhas.
  1747 | D:8      | Found an ancient bone altar of Kikubaaqudgha.
  1772 | D:8      | Found a sacrificial altar of Ru.
  1850 | D:9      | Noticed a two-headed ogre
  1861 | D:9      | Reached XP level 9. HP: 67/79 MP: 8/8
  1866 | D:9      | Reached skill level 12 in Unarmed Combat
  1870 | D:9      | Reached * piety under Okawaru
  1934 | D:9      | Found a radiant altar of Vehumet.
  1957 | D:9      | Found a snail-covered altar of Cheibriados.
  1995 | D:10     | Entered Level 10 of the Dungeon
  2162 | D:9      | Reached skill level 13 in Unarmed Combat
  2170 | D:9      | Reached skill level 1 in Invocations
  2287 | D:11     | Noticed a gargoyle
  2290 | D:11     | Killed a gargoyle
  2290 | D:11     | Reached skill level 3 in Invocations
  2344 | D:11     | Noticed an unseen horror
  2352 | D:11     | Killed an unseen horror
  2359 | D:11     | Reached skill level 3 in Fighting
  2373 | D:11     | Reached ** piety under Okawaru
  2373 | D:11     | Reached XP level 10. HP: 57/91 MP: 9/11
  2378 | D:11     | Reached skill level 4 in Fighting
  2635 | D:11     | Found a hazy altar of Hepliaklqana.
  2713 | D:10     | Found Hogu's Antique Weapon Shop.
  2752 | D:10     | Reached skill level 5 in Fighting
  2768 | D:10     | Found a staircase to the Lair.
  2807 | D:10     | Reached skill level 6 in Fighting
  2821 | D:10     | Noticed ElderVIII's ghost (novice DrCj)
  2838 | D:10     | Killed ElderVIII's ghost
  2861 | D:10     | Reached *** piety under Okawaru
  2861 | D:10     | Reached skill level 7 in Fighting
  2885 | D:11     | Noticed a five-headed hydra
  3000 | D:14     | Noticed a hill giant
  3008 | D:14     | Killed a hill giant
  3008 | D:14     | Reached skill level 8 in Fighting
  3049 | D:14     | Noticed a hill giant
  3069 | D:14     | Killed a hill giant
  3126 | D:14     | Reached XP level 11. HP: 72/113 MP: 9/12
  3142 | D:14     | Reached skill level 9 in Fighting
  3176 | D:15     | Entered Level 15 of the Dungeon
  3235 | D:14     | Reached **** piety under Okawaru
  3258 | D:14     | Noticed a white ugly thing
  3258 | D:14     | Noticed a white ugly thing
  3259 | D:14     | Noticed a white ugly thing
  3259 | D:14     | Noticed a white ugly thing
  3259 | D:14     | Noticed a white ugly thing
  3259 | D:14     | Noticed a white ugly thing
  3274 | D:14     | Killed a red ugly thing
  3275 | D:14     | Killed a white ugly thing
  3279 | D:14     | Reached skill level 10 in Fighting
  3280 | D:14     | Killed a brown ugly thing
  3287 | D:14     | Noticed a sun demon
  3289 | D:14     | Killed a cyan ugly thing
  3292 | D:14     | Noticed a sun demon
  3292 | D:14     | Killed a brown ugly thing
  3298 | D:14     | Killed a cyan ugly thing
  3298 | D:14     | Reached ***** piety under Okawaru
  3318 | D:14     | Reached skill level 11 in Fighting
  3450 | D:13     | Received a gift from Okawaru
  3502 | D:13     | Noticed a necromancer
  3511 | D:13     | Killed a necromancer
  3533 | D:13     | Found a gate to the Vaults.
  3533 | D:13     | Noticed a deep elf mage
  3533 | D:13     | Noticed a necromancer
  3544 | D:13     | Received a gift from Okawaru
  3544 | D:13     | Reached XP level 12. HP: 82/132 MP: 10/13
  3553 | D:13     | Reached skill level 12 in Fighting
  3627 | D:13     | Reached skill level 3 in Shields
  3760 | Lair:1   | Entered Level 1 of the Lair of Beasts
  3836 | Lair:2   | Noticed Fannar
  3842 | Lair:2   | Killed Fannar
  3842 | Lair:2   | Reached skill level 4 in Shields
  3877 | Lair:3   | Reached skill level 5 in Shields
  4081 | Lair:2   | Found a staircase to the Snake Pit.
  4103 | Lair:2   | Reached skill level 6 in Shields
  4136 | Snake:1  | Entered Level 1 of the Snake Pit
  4173 | Snake:1  | Reached skill level 4 in Invocations
  4217 | Snake:1  | Reached skill level 5 in Invocations
  4333 | Snake:1  | Noticed a naga warrior
  4350 | Snake:1  | Killed a naga warrior
  4350 | Snake:1  | Reached skill level 6 in Invocations
  4373 | Snake:2  | Noticed an anaconda
  4373 | Snake:2  | Noticed a naga warrior
  4376 | Snake:2  | You fall through a shaft!
  4394 | Snake:3  | Noticed a naga warrior
  4427 | Snake:3  | Killed a naga warrior
  4435 | Snake:3  | Reached skill level 7 in Shields
  4447 | Snake:4  | Entered Level 4 of the Snake Pit
  4447 | Snake:4  | Noticed a greater naga
  4449 | Snake:4  | Killed a greater naga
  4449 | Snake:4  | Received a gift from Okawaru
  4449 | Snake:4  | Reached XP level 13. HP: 107/140 MP: 10/16
  4450 | Snake:4  | Got a steaming robe {god gift}
  4462 | Snake:4  | Identified the +0 robe of Noxka {rPois} (Okawaru gifted it to you on level 4 of the Snake Pit)
  4547 | Snake:4  | Reached skill level 8 in Shields
  4557 | Snake:4  | Got an ancient silver ring
  4559 | Snake:4  | Identified the ring "Pomue" {Fire +Blink Str+4} (You found it on level 4 of the Snake Pit)
  4623 | Snake:4  | HP: 3/140 [naga/glaive (19)]
  4628 | Snake:4  | HP: 3/140 [poisoned by a naga ritualist (toxic radiance)]
  4629 | Snake:4  | Killed from afar by a naga ritualist

Vault maps used:
D:1:      lemuel_arrival_cross, nemelex_xobeh_ov_fountains_minmay
D:2:      fedhas_altar_4, uniq_jessica
D:3:      makhleb_blood_cavern_becter
D:4:      led_sif_pool, lemuel_round_altar, serial_shops, shop_fountains,
          minmay_misc_feat_ornament, minmay_checkerbox, uniq_robin, uniq_grinder
D:5:      first_bread
D:6:      xom_confusion_cloud, lightli_sewer_entry_pipes, serial_shops,
          nicolae_shop_temple_entry_statues_fountains, minivault_23,
          hangedman_minor_gate_pass
D:7:      grunt_ogre_cave
D:8:      minmay_klotski, nicolae_dithmenos_through_a_glass_darkly,
          grunt_temple_overflow_open
D:9:      cheibriados_altar_1, lemuel_crystal_altar
D:10:     david_lair_shrubbed, serial_shops, kennysheep_mini
D:11:     kennysheep_orc_monster_closet_entryway, basic_altar
D:12:     serial_shops, nicolae_shop_window_shopping
D:13:     david_vaults_1
D:14:     minmay_misc_feat_tiny
D:15:     hangedman_depths_entry_try_elsewhere_first,
          hangedman_decor_diamond_cutter, grunt_pakellas_sulfur
Temple:   eino_temple_lava
Lair:1:   minmay_hedge_maze, st_stairs_6
Lair:2:   guppyfry_snake_entry_island, infiniplex_staircase_pool, uniq_fannar
Lair:3:   lemuel_ratsnest, uniq_snorg, uniq_gastronok
Snake:1:  uniq_josephine
Snake:3:  hangedman_snake_pattern
Snake:4:  grunt_snake_rune_serpentine_throne, serial_shops, shop_statue,
          uniq_donald, uniq_roxanne
Sewer:    sewer_co_cracked_pipes

Skill      XL: |  1  2  3  4  5  6  7  8  9 10 11 12 13 |
---------------+----------------------------------------+-----
Unarmed Combat | 3 5 6 7 9 11 13 | 13.0
Invocations    | 3 6 |  6.3
Fighting       | 3 8 11 12 | 12.0
Shields        | 7 8 |  8.4
Dodging        | |  2.4

Action                   |  1- 3 |  4- 6 |  7- 9 | 10-12 | 13-15 || total
-------------------------+-------+-------+-------+-------+-------++-------
Melee: Unarmed           |    16 |    75 |   284 |   454 |    33 ||   862
Throw: Tomahawk          |       |       |       |     4 |       ||     4
Invok: Heroism           |       |       |     7 |    36 |     4 ||    47
       Finesse           |       |       |       |     2 |     1 ||     3
Evoke: Wand              |       |       |       |       |     2 ||     2
  Use: Potion            |     1 |     1 |       |     7 |     2 ||    11
       Scroll            |       |       |     9 |     8 |       ||    17
 Stab: Sleeping          |       |       |     3 |     2 |       ||     5
  Eat: Chunk             |     7 |     1 |    13 |    21 |     1 ||    43
       Meat ration       |       |       |     1 |       |       ||     1
Armor: Robe              |     2 |    12 |    32 |    26 |     1 ||    73
Dodge: Dodged            |     5 |    16 |    32 |    53 |    20 ||   126
Block: Shield            |     7 |    11 |       |       |       ||    18
       Large shield      |       |    32 |   241 |   320 |    45 ||   638

Table legend:
 A = Turns spent in this place as a percentage of turns spent in the entire game.
 B = Non-inter-level travel turns spent in this place as a percentage of non-inter-level travel turns spent in the entire game.
 C = Inter-level travel turns spent in this place as a percentage of turns spent in this place.
 D = Turns resting spent in this place as a percentage of non-inter-level travel turns spent in this place.
 E = Turns spent auto-exploring this place as a percentage of non-inter-level travel turns spent in this place.
 F = Non-inter-level travel turns spent in this place divided by the number of levels of this place that you've seen.
                   A       B       C       D       E      F
               +-------+-------+-------+-------+-------+----------------------
         Total | 100.0 | 100.0 |   0.0 |   0.0 |   0.0 | 195.9
       Dungeon |  77.3 |  77.3 |   0.0 |   0.0 |   0.0 | 242.4
        Temple |   0.4 |   0.4 |   0.0 |   0.0 |   0.0 |  19.0
          Lair |   7.9 |   7.9 |   0.0 |   0.0 |   0.0 | 123.3
     Snake Pit |  11.3 |  11.3 |   0.0 |   0.4 |   0.0 | 132.8
         Sewer |   3.1 |   3.1 |   0.0 |   0.0 |   0.0 | 145.0
               +-------+-------+-------+-------+-------+----------------------

Table legend:
 A = Kills in this place as a percentage of kills in entire the game.
 B = Kills by you in this place as a percentage of kills by you in the entire game.
 C = Kills by friends in this place as a percentage of kills by friends in the entire game.
 D = Other kills in this place as a percentage of other kills in the entire game.
 E = Experience gained in this place as a percentage of experience gained in the entire game.
 F = Experience gained in this place divided by the number of levels of this place that you have seen.
                   A       B       C       D       E      F
               +-------+-------+-------+-------+-------+----------------------
         Total | 100.0 | 100.0 |  -nan |  -nan | 100.0 | 1756.3
       Dungeon |  72.8 |  72.8 |  -nan |  -nan |  56.0 | 1575.0
          Lair |   9.2 |   9.2 |  -nan |  -nan |  12.4 | 1745.7
     Snake Pit |  11.2 |  11.2 |  -nan |  -nan |  31.3 | 3302.5
         Sewer |   6.8 |   6.8 |  -nan |  -nan |   0.2 |  79.0
               +-------+-------+-------+-------+-------+----------------------
